 Dungeon Crawl Stone Soup version 0.28.0-53-g5a82cb258f (webtiles) character file.

Game seed: 10843450261357050451

78 nickcage the Slasher (level 4, -3/35 HPs)
             Began as a Demonspawn Abyssal Knight on May 24, 2022.
             Was a Follower of Lugonu.
             Slain by Robin
             ... wielding a +0 falchion
              (5 damage)
             ... on level 2 of the Dungeon.
             The game lasted 00:03:25 (1632 turns).

nickcage the Slasher (Demonspawn Abyssal Knight)    Turns: 1632, Time: 00:03:26

Health: -3/35      AC:  8    Str: 15    XL:     4   Next: 15%
Magic:  5/5        EV:  9    Int: 12    God:    Lugonu [*.....]
Gold:   100        SH:  0    Dex: 13    Spells: 3/3 levels left

rFire   . . .      SeeInvis .   a - +1 falchion
rCold   . . .      Faith    .   (no shield)
rNeg    . . .      Spirit   .   k - +0 scale mail
rPois   .          Reflect  .   (no helmet)
rElec   .          Harm     .   (no cloak)
rCorr   .          Rampage  .   e - +1 pair of gloves
Will    .....                   (no boots)
Stlth   ..........              (no amulet)
HPRegen 0.11/turn               (no ring)
MPRegen 0.09/turn               (no ring)

@: no status effects
A: hooves 1
a: Renounce Religion, Depart the Abyss


You were on level 2 of the Dungeon.
You worshipped Lugonu.
Lugonu was aware of your devotion.
You visited 1 branch of the dungeon, and saw 2 of its levels.
You visited the Abyss 1 time.

You collected 100 gold pieces.

Inventory:

Hand Weapons
 a - a +1 falchion (weapon)
Missiles
 c - 2 poisoned darts (quivered)
Armour
 b - a +0 leather armour
 e - a +1 pair of gloves (worn)
 k - a +0 scale mail (worn)
Scrolls
 f - 2 scrolls of enchant armour {unknown}
 g - a scroll of vulnerability {unknown}
 h - a scroll of teleportation {unknown}
 i - a scroll of torment {unknown}
 l - a scroll of amnesia {unknown}
Potions
 d - a potion of haste {unknown}
 j - a potion of brilliance {unknown}
 m - a potion of heal wounds {unknown}


   Skills:
 - Level 3.0 Fighting
 + Level 3.4 Long Blades
 - Level 0.1 Throwing
 + Level 2.7 Armour
 - Level 0.8 Dodging
 - Level 2.4 Invocations


You had 3 spell levels left.
You didn't know any spells.
Your spell library was empty.

Dungeon Overview and Level Annotations

Branches:
Dungeon (2/15)

Altars:

Shops:
D:1 ?::(

Annotations:
D:2 Robin


Innate Abilities, Weirdness & Mutations

You have large cloven feet.


Message History

You hit the goblin. You kick the goblin.
You kill the goblin!
Lugonu accepts your kill.
You hit the goblin.
The goblin is heavily wounded.
The goblin hits you but does no damage.
You closely miss the goblin.
The goblin is heavily wounded.
The goblin hits you but does no damage.
Robin roars a battlecry!
The goblin closely misses you.
You miss the goblin. You kick the goblin.
You kill the goblin!
Lugonu accepts your kill.
The goblin no longer looks unusually strong.
Robin roars a battlecry!
The goblin goes into a battle-frenzy!
A hobgoblin comes into view.
You closely miss the goblin. The goblin hits you with a +0 dagger.
You are too injured to fight recklessly!
You are too injured to fight recklessly!
You are too injured to fight recklessly!
You are too injured to fight recklessly!
You hit the goblin. Your kick misses the goblin.
The goblin is heavily wounded.
The goblin hits you with a +0 dagger. x2
You hit the goblin.
You kill the goblin!
Lugonu accepts your kill.
Robin zaps a wand.
The puff of flame hits you.
* * * LOW HITPOINT WARNING * * *
You hit Robin. Your kick misses Robin.
Robin is moderately wounded.
Robin zaps a wand.
The puff of flame hits you.
* * * LOW HITPOINT WARNING * * *
You hit Robin. You kick Robin.
Robin is heavily wounded.
The hobgoblin no longer looks unusually strong.
Robin hits you with a +0 falchion.
You die...

#g†#
##.# #.#
)#
#.##.#
#..#.#
##g#.#
#g#.#
#g#.#
#@#.#
#...#
##..####
#.>...#
#####.#
#.# #†#
#.# ##
#.# #.


You could see Robin and 2 hobgoblins.

Vanquished Creatures
  Terence (D:2)
  A gnoll (D:1)
  An adder (D:1)
  A dart slug (D:1)
  2 endoplasms
  3 giant cockroaches
  A quokka (D:1)
  A ball python (D:1)
  4 bats
  A frilled lizard (D:1)
  11 goblins
  4 rats
31 creatures vanquished.

Notes
Turn   | Place    | Note
-------+----------+-------------------------------------------
     0 | Abyss:1  | nickcage the Demonspawn Abyssal Knight began the quest for
                  | the Orb.
     0 | Abyss:1  | Reached XP level 1. HP: 18/18 MP: 2/2
     0 | D:1      | Escaped the Abyss
   183 | D:1      | Found Dunyum's Book Shoppe.
   204 | D:1      | Found Zerepsomyd's Magic Scroll Shoppe.
   221 | D:1      | Gained mutation: You have large cloven feet. [demonic
                  | ancestry]
   221 | D:1      | Reached XP level 2. HP: 9/24 MP: 3/3
   226 | D:1      | Found Xelyer's Book Shoppe.
   505 | D:1      | Reached * piety under Lugonu
   575 | D:1      | Found Pemiregume's Weapon Shoppe.
  1054 | D:2      | Noticed Terence
  1067 | D:1      | Reached XP level 3. HP: 3/29 MP: 4/4
  1360 | D:2      | Killed Terence
  1581 | D:2      | Noticed Robin
  1594 | D:2      | Reached XP level 4. HP: 27/35 MP: 5/5
  1632 | D:2      | Slain by Robin

Illustrated notes

Levels and vault maps discovered:
D:1:      dpeg_arrival_rooms_c, layout_basic, serial_shops, shop_fountains,
          nicolae_shop_statue_plus, shop_fountains, shop
D:2:      layout_basic, hellmonk_ecumenical_altar_dog_temple, uniq_terence,
          uniq_robin

Skill      XL: |  1  2  3 |
---------------+----------+-----
Long Blades    | 2 3 |  3.4
Armour         | 2 |  2.7
Fighting       | |  3.0
Throwing       | |  0.1
Dodging        | |  0.8
Invocations    | |  2.4

Action                   |  1- 3 |  4- 6 || total
-------------------------+-------+-------++-------
Melee: Falchion          |    73 |    20 ||    93
       Kick              |    11 |     3 ||    14
       Punch             |     3 |       ||     3
Throw: Dart              |     4 |       ||     4
Invok: Depart the Abyss  |     1 |       ||     1
Armor: Leather armour    |    23 |       ||    23
       Scale mail        |    18 |    18 ||    36
Dodge: Dodged            |    37 |    22 ||    59
